[Event "ICC tourney 2030 (45 10)"]
[Site "Internet Chess Club"]
[Date "2020.10.03"]
[Round "1"]
[White "Kevinturtle"]
[Black "mewto12345"]
[Result "1-0"]
[ICCResult "Black resigns"]
[WhiteElo "1479"]
[BlackElo "1313"]
[Opening "Scotch game"]
[ECO "C45"]
[NIC "SO.04"]
[Time "12:07:10"]
[TimeControl "2700+10"]

1. e4 e5 2. Nf3 Nc6 3. d4 exd4 4. Nxd4 Nxd4 5. Qxd4 Nf6 6. e5 Ng8 7. Bc4 d6
8. O-O Ne7 9. exd6 Qxd6 10. Qxd6 cxd6 11. Nc3 Be6 12. Bb5+ Bd7 13. Rd1 Ng6
14. Bxd7+ Kxd7 15. Be3 Be7 16. Rd2 a6 17. Rad1 Rac8 18. Nd5 Rc6 19. Bd4 f6
20. Nb4 Rc4 21. c3 Re8 22. Nd5 Rc6 23. Re2 b5 24. b4 Ne5 25. Nf4 Bd8 26.
Rde1 Bb6 27. Nd5 Bc7 28. f4 Bd8 29. fxe5 dxe5 30. Bc5 Ke6 31. Rd2 a5 32. a3
a4 33. Nf4+ Kf7 34. Rd7+ Kg8 35. Nd5 Rce6 36. Rd1 e4 37. Nf4 Be7 38. Nxe6
Bxc5+ 39. Nxc5 e3 40. Re1 e2 41. Rd2 {Black resigns} 1-0

[Event "ICC tourney 2030 (45 10)"]
[Site "Internet Chess Club"]
[Date "2020.10.03"]
[Round "1"]
[White "erikajiahuichen"]
[Black "TristanCR"]
[Result "1-0"]
[ICCResult "Black checkmated"]
[WhiteElo "1479"]
[BlackElo "1313"]
[Opening "Queen's pawn, Mason variation"]
[ECO "D00"]
[NIC "QP.08"]
[Time "12:15:58"]
[TimeControl "2700+10"]

1. d4 d5 2. Bf4 Bf5 3. e3 e6 4. c4 c6 5. Nc3 Nf6 6. Nf3 Bd6 7. Bg3 Ne4 8.
Nxe4 dxe4 9. Nd2 b6 10. a3 Qe7 11. b4 c5 12. Qa4+ Nd7 13. Qc6 O-O 14. Bxd6
Rfc8 15. Qxc8+ Rxc8 16. Bxe7 f6 17. Bd6 e5 18. dxc5 bxc5 19. Bxc5 Nxc5 20.
bxc5 Rxc5 21. Be2 Kf7 22. O-O Be6 23. Nxe4 Rc7 24. h3 f5 25. Nd2 g5 26. Bh5+
Kf6 27. Be2 h6 28. Rfc1 a5 29. e4 f4 30. Bg4 Bf7 31. c5 a4 32. c6 Ke7 33.
Nf3 Kf6 34. Rab1 Be8 35. Rb6 h5 36. Bd7 Bf7 37. Rb7 g4 38. Rxc7 gxf3 39. Ra7
fxg2 40. Kxg2 h4 41. c7 Bg6 42. Bf5 Bxf5 43. exf5 e4 44. Rc6+ Kg5 45. c8=Q
f3+ 46. Kf1 Kf4 47. Qb8+ Kxf5 48. Ra5# {Black checkmated} 1-0

[Event "ICC tourney 2030 (45 10)"]
[Site "Internet Chess Club"]
[Date "2020.10.03"]
[Round "1"]
[White "Pranavthepro"]
[Black "LesserSkilled"]
[Result "0-1"]
[ICCResult "White resigns"]
[WhiteElo "1313"]
[BlackElo "1479"]
[Opening "Giuoco Pianissimo"]
[ECO "C55"]
[NIC "IG.01"]
[Time "12:07:06"]
[TimeControl "2700+10"]

1. e4 e5 2. Nf3 Nc6 3. Bc4 Nf6 4. d3 Bc5 5. c3 d6 6. a4 a6 7. b4 Ba7 8. O-O
O-O 9. Be3 Bg4 10. h3 Bh5 11. Nbd2 h6 12. Qc2 Nd7 13. Bxa7 Rxa7 14. Rfe1 Nb6
15. g4 Bg6 16. b5 Nxc4 17. Nxc4 axb5 18. axb5 Rxa1 19. Rxa1 Ne7 20. Ra7 b6
21. d4 d5 22. Ncxe5 Bxe4 23. Qe2 Re8 24. Nd2 Bg6 25. Qf3 f6 26. Nxg6 Nxg6
27. Qg3 Re7 28. Nf3 c5 29. Rxe7 Nxe7 30. Kf1 Kh7 31. dxc5 bxc5 32. Nd2 Qb6
33. Qd3+ Kh8 34. c4 d4 35. Ne4 Nc8 36. Qa3 Nd6 37. Qa6 Nxc4 38. Qxb6 Nxb6
39. Nxc5 Kg8 40. Ke2 Kf7 41. Kd3 Ke7 42. Kxd4 Kd6 43. Na6 g6 44. f3 g5 45.
Nb4 Kd7 46. Na6 Kd6 47. Nc5 Ke7 48. Ke4 Kf7 49. Kf5 Nc4 50. Ke4 Nd6+ 51. Kd5
Nxb5 52. Kc6 Nd4+ 53. Kd7 Nxf3 54. Ne6 Ng1 55. Nd8+ Kg6 56. Ke7 Nxh3 57. Ne6
Nf2 58. Nf8+ Kg7 59. Ne6+ Kh7 60. Kxf6 Nxg4+ 61. Kf5 Ne3+ 62. Ke4 Nc4 63.
Nf8+ Kg7 64. Ne6+ Kf6 65. Nd4 Nd6+ 66. Kf3 h5 67. Ne2 Nf5 68. Kg2 g4 69. Ng1
Kg5 70. Kh1 h4 71. Kg2 Ng3 72. Kf2 Kf4 73. Kg2 Ke3 74. Nh3 Nf5 75. Nf2 g3
76. Nh3 Nd4 77. Kg1 Nf3+ 78. Kg2 Ne1+ 79. Kg1 Kf3 80. Ng5+ Kg4 81. Ne4 h3
82. Nxg3 Kxg3 83. Kh1 Ng2 84. Kg1 Nh4 85. Kh1 Ng6 86. Kg1 Nf4 87. Kh1 Nd3
88. Kg1 Nf2 89. Kf1 h2 90. Ke2 h1=Q {White resigns} 0-1

[Event "ICC tourney 2030 (45 10)"]
[Site "Internet Chess Club"]
[Date "2020.10.03"]
[Round "1"]
[White "hi321"]
[Black "MariusC"]
[Result "1-0"]
[ICCResult "Black resigns"]
[WhiteElo "1298"]
[BlackElo "1245"]
[Opening "Sicilian: Canal-Sokolsky attack, 3...Bd7"]
[ECO "B52"]
[NIC "SI.01"]
[Time "12:08:34"]
[TimeControl "2700+10"]

1. e4 c5 2. Nf3 d6 3. Bb5+ Bd7 4. Bxd7+ Nxd7 5. O-O Ngf6 6. Re1 e6 7. b3 Be7
8. Bb2 O-O 9. d3 Nb6 10. Qe2 Nfd7 11. Nbd2 Bf6 12. e5 dxe5 13. Nxe5 Nxe5 14.
Bxe5 Bxe5 15. Qxe5 Qd5 16. Qe2 Rad8 17. Ne4 f5 18. Ng5 Rf6 19. Rad1 Re8 20.
Qh5 Qc6 21. Qxh7+ Kf8 22. Qh8+ Ke7 23. Qxg7+ {Black resigns} 1-0

[Event "ICC tourney 2030 (45 10)"]
[Site "Internet Chess Club"]
[Date "2020.10.03"]
[Round "1"]
[White "falcon2020"]
[Black "ranu540"]
[Result "0-1"]
[ICCResult "White resigns"]
[WhiteElo "1177"]
[BlackElo "1324"]
[Opening "Queen's pawn: London system"]
[ECO "A45"]
[NIC "QP.07"]
[Time "12:07:31"]
[TimeControl "2700+10"]

1. d4 Nf6 2. Bf4 g6 3. e3 Bg7 4. Bd3 O-O 5. h4 d6 6. Nd2 Nc6 7. a3 e5 8.
dxe5 Nxe5 9. Qe2 Bg4 10. f3 Nxd3+ 11. cxd3 Bf5 12. O-O-O Qd7 13. Kb1 Qb5 14.
e4 Nd5 15. Nc4 Nc3+ 16. Ka1 Nxe2 17. Nxe2 Be6 18. Rd2 Bxc4 19. dxc4 Qxc4 20.
Rc1 Qa4 21. Rxc7 Qxa3+ 22. Kb1 Qb4 23. Rd7 Be5 24. Be3 Rfd8 25. Rc7 d5 26.
Rcc2 d4 27. Bf4 d3 28. Bxe5 dxc2+ 29. Rxc2 Qe1+ 30. Nc1 Rac8 31. Bc3 Qf1 32.
Ka1 Rd1 33. Kb1 b5 34. b4 Qd3 35. Kb2 Qe3 36. e5 Rf1 37. Na2 Rf2 38. Kb3
Rxc2 39. Kxc2 Qe2+ 40. Kb3 Qc4+ 41. Kb2 Qxh4 42. Nc1 Qf2+ 43. Kb3 Qxg2 44.
f4 Qd5+ 45. Kb2 Qc4 46. Na2 Qxf4 47. Nc1 h5 48. Nd3 Qh2+ 49. Kb3 Qg3 50. Kc2
Qg2+ 51. Kb3 Qh3 52. Kc2 Qf5 53. Kd2 Rd8 54. Kc1 Qxd3 55. Kb2 Qe2+ 56. Kb3
Rd3 57. e6 Qxe6+ 58. Kc2 Rxc3+ 59. Kxc3 Qd5 60. Kc2 h4 61. Kc3 h3 62. Kc2 h2
63. Kb2 h1=R 64. Kc2 Rh3 65. Kc1 Qg2 {White resigns} 0-1

[Event "ICC tourney 2030 (45 10)"]
[Site "Internet Chess Club"]
[Date "2020.10.03"]
[Round "1"]
[White "jalenwang"]
[Black "BunnyGambit"]
[Result "1-0"]
[ICCResult "Black resigns"]
[WhiteElo "1563"]
[BlackElo "1500"]
[Opening "English: symmetrical variation"]
[ECO "A36"]
[NIC "EO.64"]
[Time "12:07:04"]
[TimeControl "2700+10"]

1. c4 c5 2. Nc3 Nc6 3. g3 Nf6 4. Bg2 g6 5. e3 Bg7 6. Nge2 O-O 7. d4 d6 8.
O-O Bd7 9. b3 a6 10. Bb2 Rb8 11. Rb1 b5 12. Qd2 b4 13. Ne4 Bf5 14. Nxf6+
Bxf6 15. Bxc6 Bxb1 16. Rxb1 Qc7 17. Bg2 Qd7 18. dxc5 Qf5 19. e4 Qxc5 20.
Bxf6 exf6 21. Rd1 Rfd8 22. Nf4 Rb7 23. e5 Rbd7 24. exf6 Qe5 25. Nd5 Qe8 26.
Nxb4 Rc7 27. Nxa6 Ra7 28. Nb4 Rc7 29. Qf4 Qf8 30. Nd5 Rcc8 31. Ne7+ Kh8 32.
Nxc8 Rxc8 33. Qxd6 h5 34. Qxf8+ Rxf8 35. c5 Rc8 36. c6 Kg8 37. b4 Kf8 38.
Rc1 Ke8 39. b5 Kd8 40. b6 Ra8 41. c7+ Kc8 42. b7+ Kd7 43. bxa8=Q {Black
resigns} 1-0

[Event "ICC tourney 2030 (45 10)"]
[Site "Internet Chess Club"]
[Date "2020.10.03"]
[Round "1"]
[White "GiganticCell"]
[Black "pari538"]
[Result "1-0"]
[ICCResult "Black checkmated"]
[WhiteElo "1309"]
[BlackElo "1644"]
[Opening "Hungarian defense"]
[ECO "C50"]
[NIC "IG.03"]
[Time "12:07:56"]
[TimeControl "2700+10"]

1. e4 e5 2. Nf3 Nc6 3. Bc4 Be7 4. O-O Nf6 5. Nc3 d6 6. h3 O-O 7. d4 exd4 8.
Nxd4 Bd7 9. Re1 Nxd4 10. Qxd4 Bc6 11. b3 Nd7 12. Bb2 Bf6 13. Qd2 Nc5 14. b4
Nxe4 15. Nxe4 Bxb2 16. Rab1 Bf6 17. Nxf6+ Qxf6 18. b5 Bd7 19. a4 Qg6 20. Qe3
Qxc2 21. Bb3 Qg6 22. Bd5 Rfe8 23. Qf3 Qf5 24. Bxb7 Qxf3 25. Bxf3 Rxe1+ 26.
Rxe1 Re8 27. Rc1 c5 28. bxc6 Bc8 29. c7 Kf8 30. Kf1 Re5 31. Rb1 Re8 32. Bb7
f6 33. Bxc8 Rxc8 34. Rb8 Ke7 35. Rxc8 Kd7 36. Ra8 Kxc7 37. Rxa7+ Kc6 38.
Rxg7 d5 39. Ke2 Kc5 40. Kd3 Kb4 41. Ra7 Kc5 42. a5 h5 43. a6 Kb6 44. Rd7 Kc6
45. a7 Kxd7 46. a8=Q Ke6 47. Qc6+ Ke5 48. Qc7+ Kf5 49. Qd6 Kg6 50. Qxd5 Kg7
51. Ke4 Kg6 52. Qf5+ Kg7 53. Kf4 h4 54. Kg4 Kh6 55. Qxf6+ Kh7 56. Qg5 Kh8
57. Kf5 Kh7 58. Kf6 Kh8 59. Qg7# {Black checkmated} 1-0

[Event "ICC tourney 2030 (45 10)"]
[Site "Internet Chess Club"]
[Date "2020.10.03"]
[Round "1"]
[White "blueocean07"]
[Black "VarinN"]
[Result "0-1"]
[ICCResult "White checkmated"]
[WhiteElo "1313"]
[BlackElo "1479"]
[Opening "QGD Slav defense"]
[ECO "D10"]
[NIC "SL.01"]
[Time "12:07:14"]
[TimeControl "2700+10"]

1. d4 d5 2. c4 c6 3. Nc3 dxc4 4. e3 b5 5. Nxb5 cxb5 6. Qf3 Nc6 7. Qxc6+ Bd7
8. Qf3 e6 9. Bd2 Nf6 10. Ne2 Be7 11. Ng3 O-O 12. Be2 Rc8 13. O-O Bc6 14. Qf4
Nd5 15. Qg4 Nf6 16. Qf4 Nd5 17. Qg4 Nf6 18. Qh3 Bd7 19. f4 e5 20. f5 exd4
21. exd4 Bc6 22. Be3 Re8 23. Bf2 Bd6 24. Rfe1 Bb4 25. Red1 Bd6 26. Bf1 Bc7
27. Qh4 Nd5 28. Qg4 Nf6 29. Qg5 Nd5 30. Qd2 Bf4 31. Qc2 Nb4 32. Qc3 Nd5 33.
Qa3 a5 34. b3 b4 35. Qb2 c3 36. Qc2 Be3 37. Re1 Bd2 38. Rxe8+ Qxe8 39. Ba6
Rc7 40. Nf1 Ne3 41. Nxe3 Bxe3 42. Re1 Re7 43. Bxe3 Rxe3 44. Rd1 Re1+ 45. Bf1
Bb5 46. Qc1 Rxf1+ 47. Rxf1 Bxf1 48. Qxf1 Qe3+ 49. Qf2 Qxf2+ 50. Kxf2 c2 51.
d5 c1=Q 52. Ke2 Qc5 53. g4 Qxd5 54. Kf2 Qd2+ 55. Kg3 Qxa2 56. h3 Qxb3+ 57.
Kh4 Qxh3+ 58. Kxh3 b3 59. Kh4 b2 60. Kg5 b1=Q 61. f6 gxf6+ 62. Kh5 Qh1#
{White checkmated}
0-1

[Event "ICC tourney 2030 (45 10)"]
[Site "Internet Chess Club"]
[Date "2020.10.03"]
[Round "1"]
[White "chessvedant19"]
[Black "lwidjaja"]
[Result "1/2-1/2"]
[ICCResult "Game drawn by mutual agreement"]
[WhiteElo "1470"]
[BlackElo "1419"]
[Opening "QGD: 4.Nf3"]
[ECO "D37"]
[NIC "QO.16"]
[Time "12:07:05"]
[TimeControl "2700+10"]

1. d4 d5 2. c4 e6 3. Nc3 Nf6 4. Nf3 Nbd7 5. Bg5 Be7 6. e3 c6 7. Qc2 Nf8 8.
cxd5 exd5 9. Be2 Ng6 10. Rc1 O-O 11. O-O h6 12. Bxf6 Bxf6 13. a3 Be6 14. Na4
Qc7 15. Nc5 Bc8 16. b4 a5 17. Ra1 b6 18. Nb3 axb4 19. axb4 Bb7 20. Rxa8 Rxa8
21. Ra1 Rxa1+ 22. Nxa1 c5 23. bxc5 bxc5 24. Nb3 c4 25. Nc5 Ba8 26. Nd3 Qa5
27. Nc5 Be7 28. Qa4 Qxa4 29. Nxa4 Bc6 30. Nc3 f6 31. Nd2 Bb4 32. Ndb1 Ne7
33. Bf3 Kf7 34. Kf1 Ke6 35. Ne2 Nc8 36. Nbc3 g5 37. h4 Nb6 38. hxg5 hxg5 39.
Ke1 Kd6 40. Kd2 Na4 41. Kc2 Nxc3 42. Nxc3 Ke6 43. g3 Bxc3 44. Kxc3 Kd6 45.
Bg4 Be8 46. Bf5 Bh5 47. g4 Be8 48. e4 Bc6 49. f3 Bb7 50. exd5 Bxd5 51. Be4
Bg8 52. Bb7 Bf7 53. Ba6 Bd5 54. Bc8 Bg8 55. Bf5 Bd5 56. Be4 Bg8 57. Kb4 Be6
58. Kc3 Bd5 59. Kb4 Bf7 60. Bc2 Bd5 61. Bd1 Be6 62. Be2 Bd5 63. Kc3 Kc6 64.
Kb4 Kd6 65. Bd1 Be6 66. Bc2 Bd5 67. Be4 Bf7 68. Kc3 Bd5 69. Kd2 Bf7 70. Bc2
Bd5 71. Ke3 Bf7 72. Be4 Bd5 73. Bc2 Bf7 74. Kd2 Bd5 75. Bd1 Bf7 76. Be2 Bd5
77. Kc3 Bb7 {Game drawn by mutual agreement} 1/2-1/2

[Event "ICC tourney 2030 (45 10)"]
[Site "Internet Chess Club"]
[Date "2020.10.03"]
[Round "1"]
[White "DankMemer"]
[Black "NNatha"]
[Result "1-0"]
[ICCResult "Black resigns"]
[WhiteElo "1298"]
[BlackElo "1304"]
[Opening "King's Indian: London system"]
[ECO "A45"]
[NIC "QP.03"]
[Time "12:09:45"]
[TimeControl "2700+10"]

1. d4 Nf6 2. Bf4 g6 3. Nf3 Bg7 4. Nbd2 O-O 5. h3 d6 6. e3 Nbd7 7. Be2 Re8 8.
O-O e5 9. dxe5 dxe5 10. Bh2 c6 11. Nc4 Nd5 12. e4 Nf4 13. Nd6 Rf8 14. Bc4
Nb6 15. Bb3 Qe7 16. c4 c5 17. Nb5 Rd8 18. Qc2 Qf6 19. Rad1 Bd7 20. Nc3 Nxh3+
21. Kh1 Nf4 22. Bxf4 Qxf4 23. Nh2 Qh6 24. a4 a5 25. Kg1 Bc6 26. Nd5 Nxd5 27.
cxd5 Bd7 28. Qxc5 Bf8 29. Qb6 Rac8 30. Nf3 Bg4 31. Rd3 Bd6 32. Qxa5 f5 33.
Qd2 Qh5 34. Ng5 h6 35. Ne6 Be2 36. Rh3 Qg4 37. f3 Qxh3 38. gxh3 Bxf1 39.
Kxf1 Re8 40. Qxh6 Re7 41. Qxg6+ Kh8 42. Qxf5 Rc1+ 43. Kg2 Rb1 44. Qh5+ Kg8
45. Qg6+ Kh8 46. Qf6+ Kg8 47. Qf8+ Kh7 48. Ng5+ Kg6 49. Qf5+ Kg7 50. Qh7+
Kf8 {Black resigns} 1-0

[Event "ICC tourney 2030 (45 10)"]
[Site "Internet Chess Club"]
[Date "2020.10.03"]
[Round "1"]
[White "Lonelone"]
[Black "Davide25"]
[Result "1-0"]
[ICCResult "Black checkmated"]
[WhiteElo "1371"]
[BlackElo "912"]
[Opening "Sicilian: Prins (Moscow) variation"]
[ECO "B55"]
[NIC "SI.01"]
[Time "12:07:11"]
[TimeControl "2700+10"]

1. e4 c5 2. Nf3 d6 3. d4 cxd4 4. Nxd4 Nf6 5. f3 e6 6. c4 Be7 7. Be2 O-O 8.
O-O Nc6 9. Nc3 a6 10. Be3 d5 11. Nb3 dxe4 12. Nxe4 Nxe4 13. fxe4 Qc7 14. Qd2
Rd8 15. Qe1 Bd6 16. Qh4 Qe7 17. Bg5 f6 18. Be3 Ne5 19. Rad1 Ng6 20. Qh3 e5
21. Qg3 Be6 22. Nd2 Rac8 23. b3 Bc5 24. Bxc5 Qxc5+ 25. Kh1 Nf4 26. Bg4 Bxg4
27. Qxg4 Nd3 28. Qe2 Nf4 29. Qf2 Qxf2 30. Rxf2 Rd4 31. g3 Nd3 32. Re2 Rcd8
33. Rf1 Nc1 34. Rxc1 Rxd2 35. Rxd2 Rxd2 36. a3 Re2 37. Rd1 Rxe4 38. Rd7 Re1+
39. Kg2 Kf8 40. Rxb7 Rb1 41. Rb6 Kf7 42. b4 Rb2+ 43. Kf3 Rb3+ 44. Ke4 Rxa3
45. c5 Ke7 46. Rd6 Rb3 47. Rb6 Kd7 48. Kd5 Rd3+ 49. Kc4 Rd4+ 50. Kc3 Kc7 51.
Rxa6 Rd1 52. b5 Rc1+ 53. Kb4 Rb1+ 54. Kc4 Rc1+ 55. Kd5 Rd1+ 56. Ke6 Rb1 57.
Ra7+ Kb8 58. b6 e4 59. Re7 e3 60. Kd6 Rd1+ 61. Kc6 Rd8 62. Rxe3 Rc8+ 63. Kb5
Kb7 64. c6+ Kb8 65. Ra3 g6 66. c7+ Rxc7 67. bxc7+ Kxc7 68. Kc5 f5 69. Re3
Kd7 70. Kd5 Kc7 71. Re7+ Kb6 72. Rxh7 Kb5 73. Rg7 g5 74. Rxg5 f4 75. gxf4
Kb6 76. f5 Kc7 77. f6 Kd7 78. f7 Ke7 79. Rf5 Kf8 80. Ke6 Kg7 81. f8=Q+ Kg6
82. Qf6+ Kh7 83. Rh5+ Kg8 84. Rg5+ Kh7 85. Qg7# {Black checkmated} 1-0

[Event "ICC tourney 2030 (45 10)"]
[Site "Internet Chess Club"]
[Date "2020.10.03"]
[Round "1"]
[White "tidalwave09"]
[Black "Drshenmeiwu07"]
[Result "1/2-1/2"]
[ICCResult "Game drawn by mutual agreement"]
[WhiteElo "1396"]
[BlackElo "1396"]
[Opening "QGD: Orthodox defense, Botvinnik variation"]
[ECO "D60"]
[NIC "QO.12"]
[Time "12:07:10"]
[TimeControl "2700+10"]

1. d4 d5 2. c4 e6 3. Nc3 Be7 4. Nf3 Nf6 5. Bg5 O-O 6. e3 Nbd7 7. Bd3 Ne4 8.
Bxe7 Qxe7 9. O-O Ndf6 10. Ne5 c5 11. cxd5 Nxc3 12. bxc3 exd5 13. Rb1 c4 14.
Bc2 Be6 15. Rb4 a5 16. Rb1 Rab8 17. Qc1 Bd7 18. Re1 b5 19. a3 Ne4 20. Qb2 f6
21. Nxd7 Qxd7 22. f3 Nd6 23. e4 dxe4 24. fxe4 Rfe8 25. Re3 b4 26. axb4 axb4
27. cxb4 Nf5 28. Ra3 Qxd4+ 29. Kh1 Qxb2 30. Rxb2 Nd6 31. Re3 Re5 32. Bb1 f5
33. Rbe2 fxe4 34. Kg1 Rxb4 35. Bxe4 Nxe4 36. Rxe4 Rxe4 37. Rxe4 Rb1+ 38. Kf2
c3 39. Rc4 Rc1 40. Ke3 Kf7 41. Kd3 Kf6 42. Rxc3 Rxc3+ 43. Kxc3 Kf5 44. Kd3
Kf4 45. Ke2 g5 46. Kf2 h5 47. g3+ Kg4 48. Kg2 Kf5 49. Kf3 g4+ 50. Ke3 Kg5
51. Ke4 h4 52. gxh4+ Kxh4 53. Ke3 Kh3 54. Kf4 Kh4 55. Kf5 Kh3 56. Kf4 Kh4
57. Kf5 Kh5 58. Kf4 {Game drawn by mutual agreement} 1/2-1/2

[Event "ICC tourney 2030 (45 10)"]
[Site "Internet Chess Club"]
[Date "2020.10.03"]
[Round "2"]
[White "pari538"]
[Black "Pranavthepro"]
[Result "1-0"]
[ICCResult "Black checkmated"]
[WhiteElo "1645"]
[BlackElo "1292"]
[Opening "Scotch game"]
[ECO "C45"]
[NIC "SO.04"]
[Time "14:30:37"]
[TimeControl "2700+10"]

1. e4 e5 2. Nf3 Nc6 3. d4 exd4 4. Nxd4 Bb4+ 5. c3 Nxd4 6. Qxd4 Bf8 7. Bc4
Nf6 8. e5 Qe7 9. Be2 d5 10. exf6 Qxf6 11. Qxf6 gxf6 12. Bf4 Bd6 13. Bxd6
cxd6 14. Nd2 Be6 15. Nf3 O-O-O 16. O-O-O Kb8 17. Nd4 Rc8 18. Nxe6 fxe6 19.
Bg4 d4 20. Rxd4 e5 21. Rxd6 Rce8 22. Rxf6 Rhf8 23. Rxf8 Rxf8 24. f3 Rg8 25.
Re1 Rg5 26. h4 Rg8 27. Rxe5 Rd8 28. Re7 Rh8 29. f4 Ka8 30. Rc7 Rb8 31. Rc8
h6 32. Rxb8+ Kxb8 33. f5 Kc8 34. f6+ Kd8 35. Bh5 Kd7 36. f7 Ke7 37. g4 Kf8
38. g5 hxg5 39. hxg5 Kg7 40. g6 Kf8 41. Bf3 b6 42. Kd2 a6 43. Ke3 a5 44. Ke4
a4 45. Kf5 a3 46. Kf6 b5 47. g7# {Black checkmated} 1-0

[Event "ICC tourney 2030 (45 10)"]
[Site "Internet Chess Club"]
[Date "2020.10.03"]
[Round "2"]
[White "NNatha"]
[Black "TristanCR"]
[Result "1-0"]
[ICCResult "Black resigns"]
[WhiteElo "1310"]
[BlackElo "1220"]
[Opening "Ruy Lopez: Berlin defense, Beverwijk variation"]
[ECO "C64"]
[NIC "RL.01"]
[Time "14:29:30"]
[TimeControl "2700+10"]

1. e4 e5 2. Nf3 Nc6 3. Bb5 Bc5 4. O-O Nf6 5. c3 a6 6. Ba4 b5 7. Bc2 O-O 8.
d4 exd4 9. cxd4 Bb6 10. e5 Nd5 11. Bxh7+ Kxh7 12. Ng5+ Kg8 13. Qh5 Re8 14.
Qxf7+ Kh8 15. Qg6 Kg8 16. Qf7+ Kh8 17. Qxd5 Bxd4 18. Nf7+ Kh7 19. Nxd8 Rxe5
20. Qf3 Nxd8 21. Qxa8 Re8 22. Qxc8 {Black resigns} 1-0

[Event "ICC tourney 2030 (45 10)"]
[Site "Internet Chess Club"]
[Date "2020.10.03"]
[Round "2"]
[White "ranu540"]
[Black "GiganticCell"]
[Result "0-1"]
[ICCResult "White checkmated"]
[WhiteElo "1310"]
[BlackElo "1328"]
[Opening "Alekhine's defense: modern, Larsen variation"]
[ECO "B04"]
[NIC "AL.05"]
[Time "14:29:36"]
[TimeControl "2700+10"]

1. e4 Nf6 2. e5 Nd5 3. d4 d6 4. Nf3 dxe5 5. dxe5 Bg4 6. h3 Bxf3 7. Qxf3 e6
8. Bb5+ c6 9. Ba4 Nd7 10. O-O Nxe5 11. Qe4 Bd6 12. Bd2 O-O 13. Nc3 Qc7 14.
Nxd5 exd5 15. Rfe1 dxe4 16. Rxe4 b5 17. Bb3 c5 18. c4 bxc4 19. Bxc4 Nxc4 20.
Rxc4 Rfe8 21. Be3 Qb7 22. Bxc5 Bxc5 23. Rxc5 Qxb2 24. Rf1 Qxa2 25. Rc7 Qa5
26. Rd7 Qb5 27. Rc7 Qb6 28. Rd7 Rad8 29. Rxd8 Rxd8 30. Re1 Qb4 31. Rc1 a5
32. Rf1 a4 33. Rc1 a3 34. Ra1 Qb2 35. Rf1 a2 36. Re1 a1=Q 37. Rxa1 Qxa1+ 38.
Kh2 Qe5+ 39. g3 Qe2 40. Kg2 Rd2 41. h4 Qxf2+ 42. Kh3 Rd3 43. Kg4 Qxg3+ 44.
Kf5 g6+ 45. Ke4 Qf3+ 46. Ke5 Qe2+ 47. Kf4 Rf3+ 48. Kg5 Qg2+ 49. Kh6 Rh3 50.
h5 Rxh5# {White checkmated} 0-1

[Event "ICC tourney 2030 (45 10)"]
[Site "Internet Chess Club"]
[Date "2020.10.03"]
[Round "2"]
[White "lwidjaja"]
[Black "tidalwave09"]
[Result "1-0"]
[ICCResult "Black resigns"]
[WhiteElo "1475"]
[BlackElo "1332"]
[Opening "Sicilian: Smith-Morra gambit"]
[ECO "B21"]
[NIC "SI.48"]
[Time "14:29:51"]
[TimeControl "2700+10"]

1. e4 c5 2. d4 cxd4 3. c3 g6 4. cxd4 Bg7 5. Nc3 e5 6. Nf3 exd4 7. Nxd4 Ne7
8. Bf4 Nbc6 9. Ndb5 O-O 10. Bc7 Bxc3+ 11. bxc3 Qe8 12. Nd6 b6 13. Nxe8 Rxe8
14. Bb5 a6 15. Bxc6 Nxc6 16. O-O Rxe4 17. Qf3 Re6 18. Bxb6 Rb8 19. Bc7 Rb7
20. Bf4 Rf6 21. Rfe1 Rb5 22. Re8+ Kg7 23. Bh6+ {Black resigns} 1-0

[Event "ICC tourney 2030 (45 10)"]
[Site "Internet Chess Club"]
[Date "2020.10.03"]
[Round "2"]
[White "BunnyGambit"]
[Black "mewto12345"]
[Result "1-0"]
[ICCResult "Black resigns"]
[WhiteElo "1501"]
[BlackElo "1256"]
[Opening "Queen's pawn game, Darooha variation "]
[ECO "D02"]
[NIC "QP.08"]
[Time "14:29:52"]
[TimeControl "2700+10"]

1. d4 d5 2. Nf3 Nf6 3. g3 Bf5 4. Bg2 e6 5. O-O Bd6 6. c4 c6 7. cxd5 cxd5 8.
Nc3 O-O 9. Qb3 Qc7 10. Nb5 Qb6 11. Nxd6 Qxd6 12. Qxb7 Nbd7 13. Bf4 Qb6 14.
Qxb6 Nxb6 15. Rac1 Nc4 16. b3 Nb6 17. Rc7 Rfc8 18. Rfc1 Ne8 19. Rxc8 Rxc8
20. Rxc8 Nxc8 21. e3 Bb1 22. a3 f6 23. Bf1 h6 24. Ba6 Ne7 25. Bb5 Kf7 26.
Nd2 Bh7 27. Bd7 Ng6 28. Bb8 a6 29. b4 Ne7 30. a4 Bd3 31. Nb3 Bc4 32. Nc5 g5
33. Bxe6+ Kf8 34. Bd7 Kf7 35. b5 axb5 36. axb5 f5 37. b6 Nf6 38. b7 Nxd7 39.
Nxd7 Ba6 40. Nc5 Bb5 41. Bd6 Nc6 42. b8=Q Nxb8 43. Bxb8 Bc4 44. Nd7 g4 45.
Ne5+ Kf6 46. Nxc4 dxc4 47. Kf1 Ke6 48. Ke2 h5 49. Kd2 Kd5 50. Kc3 Ke4 51.
Kxc4 Kf3 52. d5 Kxf2 53. d6 Kg2 54. d7 Kxh2 55. d8=Q Kh3 56. Qh4+
{Black resigns}
1-0

[Event "ICC tourney 2030 (45 10)"]
[Site "Internet Chess Club"]
[Date "2020.10.03"]
[Round "2"]
[White "VarinN"]
[Black "Kevinturtle"]
[Result "1/2-1/2"]
[ICCResult "Game drawn by repetition"]
[WhiteElo "1475"]
[BlackElo "1475"]
[Opening "Sicilian: closed"]
[ECO "B23"]
[NIC "SI.44"]
[Time "14:29:20"]
[TimeControl "2700+10"]

1. e4 c5 2. Nc3 d6 3. g3 Nf6 4. Bg2 g6 5. d3 Bg7 6. f4 e6 7. Nge2 Nc6 8. O-O
O-O 9. h3 d5 10. g4 dxe4 11. Nxe4 Nxe4 12. Bxe4 Nd4 13. c3 Nxe2+ 14. Qxe2
Qh4 15. Kg2 f5 16. Bf3 fxg4 17. hxg4 Qf6 18. Be3 Qe7 19. Rh1 e5 20. fxe5
Qxe5 21. Qf2 Bxg4 22. Bxg4 Rxf2+ 23. Bxf2 Qg5 24. Kh3 b6 25. Rhg1 Qd2 26.
Bg3 Qxb2 27. Raf1 Rf8 28. Be6+ Kh8 29. Rxf8+ Bxf8 30. Rf1 Bg7 31. Rf7 Qe2
32. Re7 Qh5+ 33. Kg2 h6 34. Re8+ Kh7 35. Bg8+ Kh8 36. Bc4+ Kh7 37. Bg8+ Kh8
38. Bc4+ Kh7 39. Bg8+ {Game drawn by repetition} 1/2-1/2

[Event "ICC tourney 2030 (45 10)"]
[Site "Internet Chess Club"]
[Date "2020.10.03"]
[Round "2"]
[White "jalenwang"]
[Black "Lonelone"]
[Result "1/2-1/2"]
[ICCResult "Game drawn by mutual agreement"]
[WhiteElo "1528"]
[BlackElo "1398"]
[Opening "English opening"]
[ECO "A20"]
[NIC "EO.24"]
[Time "14:29:22"]
[TimeControl "2700+10"]

1. c4 e5 2. g3 Nf6 3. Bg2 d5 4. cxd5 Nxd5 5. Nc3 Be6 6. Nf3 Nc6 7. O-O Be7
8. d3 O-O 9. d4 Nxc3 10. bxc3 f6 11. Rb1 Rb8 12. Bb2 Bxa2 13. Ra1 Bc4 14.
Qc2 Bd5 15. Rfd1 Qd7 16. c4 Bxf3 17. dxe5 Qe6 18. exf6 Bxe2 19. Re1 Qxc4 20.
Qxe2 Qxe2 21. Rxe2 Bxf6 22. Bxf6 Rxf6 23. Bxc6 Rxc6 24. Rxa7 Kf7 25. Ra4 b5
26. Rf4+ Rf6 27. Rb4 c5 28. Rb3 c4 29. Rc3 Re6 30. Rf3+ Ke7 31. Rb2 b4 32.
Ra2 Kd6 33. Ra6+ Kd5 34. Rf5+ Ke4 35. Rf4+ Ke5 36. Ra5+ Kd6 37. Ra6+ Kd5
{Game drawn by mutual agreement}
1/2-1/2

[Event "ICC tourney 2030 (45 10)"]
[Site "Internet Chess Club"]
[Date "2020.10.03"]
[Round "2"]
[White "niftyfountain"]
[Black "chessvedant19"]
[Result "1/2-1/2"]
[ICCResult "Game drawn by mutual agreement"]
[WhiteElo "1310"]
[BlackElo "1461"]
[Opening "French: Tarrasch, closed variation, main line"]
[ECO "C06"]
[NIC "FR.17"]
[Time "14:29:52"]
[TimeControl "2700+10"]

1. e4 e6 2. d4 d5 3. Nd2 Nf6 4. e5 Nfd7 5. Bd3 c5 6. c3 Nc6 7. Ne2 cxd4 8.
cxd4 f6 9. exf6 Nxf6 10. O-O Bd6 11. Nf3 O-O 12. h3 Bd7 13. Re1 Qb6 14. b3
Bb4 15. Bd2 Bxd2 16. Qxd2 Nb4 17. Ne5 Nxd3 18. Nxd7 Nxd7 19. Qxd3 Rf6 20.
Rac1 Raf8 21. Rf1 R6f7 22. Ng3 Rf4 23. Ne2 R4f7 24. Ng3 Rf4 25. Ne2 R4f7 26.
Ng3 Kh8 27. Rce1 e5 28. dxe5 Rxf2 29. Kh2 Rxf1 30. Rxf1 Rxf1 31. Qxf1 Qe6
32. Qb5 Qc6 33. Qa5 h6 34. Qxa7 Qc7 35. e6 Nf6 {Game drawn by mutual
agreement} 1/2-1/2